 Dungeon Crawl Stone Soup version 0.20-a0-1116-gaa52201 (webtiles) character file.

513 pickqick the Covered (level 7, -12/56 HPs)
             Began as a Human Fighter on May 8, 2017.
             Was a Follower of Okawaru.
             Mangled by a catoblepas (14 damage)
             ... created by the adversity of Qazlal
             ... on level 4 of the Dungeon.
             The game lasted 00:18:03 (3329 turns).

pickqick the Covered (Human Fighter)                Turns: 3329, Time: 00:18:04

Health: -12/56     AC: 13    Str: 21    XL:     7   Next: 43%
Magic:  7/7        EV:  2    Int:  8    God:    Okawaru [*.....]
Gold:   201        SH:  0    Dex: 13    Spells: 6/6 levels left

rFire    x x .     SeeInvis .   a - +0 war axe
rCold    x . .     Gourm    .   c - +0 shield
rNeg     + + +     Faith    .   o - +0 plate armour
rPois    ∞         Spirit   .   J - +0 helmet
rElec    .         Reflect  +   (no cloak)
rCorr    .         Harm     .   (no gloves)
MR       .....                  (no boots)
Stlth    ..........             h - +2 amulet of reflection
Regen    0.2/turn               m - +3 ring of strength
MPRegen  0.1/turn               u - ring of protection from cold

@: petrified, frozen, very slow
A: [cold vulnerability 2], [heat vulnerability 2]
a: Heroism, Renounce Religion


You were on level 4 of the Dungeon.
You worshipped Okawaru.
Okawaru was aware of your devotion.
You were not hungry.

You visited 1 branch of the dungeon, and saw 4 of its levels.

You collected 201 gold pieces.

Inventory:

Hand Weapons
 a - a +0 war axe (weapon)
 i - a +4 short sword
 r - a +3 quarterstaff of chaos
 t - a +0 mace
Armour
 b - a +0 scale mail
 c - a +0 shield (worn)
 e - a +0 chain mail
 n - a +0 scale mail
 o - a +0 plate armour (worn)
 s - a +0 cloak
 z - a +0 plate armour
 H - a +0 ring mail
 J - a +0 helmet (worn)
 K - a +1 scale mail of cold resistance
Jewellery
 h - a +2 amulet of reflection (around neck)
 m - a +3 ring of strength (left hand)
 u - a ring of protection from cold (right hand)
 C - an uncursed amulet of the gourmand {unknown}
Scrolls
 g - 6 scrolls of identify {unknown}
 q - 3 scrolls of remove curse {unknown}
 y - a scroll of magic mapping {unknown}
 B - 2 scrolls of recharging {unknown}
 E - a scroll of enchant weapon {unknown}
 F - a scroll of noise {unknown}
Potions
 d - a potion of might
 j - 3 potions of curing
 k - 2 potions of berserk rage {unknown}
 p - a potion of flight {unknown}
 D - a potion of haste {unknown}
 G - a potion of mutation {unknown}
 I - 2 potions of degeneration {unknown}
Books
 w - a book of Misfortune

   Spells                             Type                      Level
   a - Confusing Touch                Hexes                        1
   b - Confuse                        Hexes                        3
   c - Gell's Gravitas                Translocation                3
   d - Petrify                        Transmutation/Earth          4
   e - Metabolic Englaciation         Hexes/Ice                    5
   f - Yara's Violent Unravelling     Hexes/Transmutation          5
 x - a book of Misfortune

   Spells                             Type                      Level
   a - Confusing Touch                Hexes                        1
   b - Confuse                        Hexes                        3
   c - Gell's Gravitas                Translocation                3
   d - Petrify                        Transmutation/Earth          4
   e - Metabolic Englaciation         Hexes/Ice                    5
   f - Yara's Violent Unravelling     Hexes/Transmutation          5
Comestibles
 f - a bread ration
 l - 3 royal jellies
 v - a meat ration
 A - 3 fruits


   Skills:
 * Level 5.0 Fighting
 + Level 3.4 Axes
 * Level 5.3 Armour
 + Level 4.3 Shields


You had 6 spell levels left.
You didn't know any spells.

Dungeon Overview and Level Annotations

Branches:
Dungeon (4/15)
 Temple: D:4-7

Altars:
Cheibriados
Okawaru
Qazlal
Xom
Yredelemnul


Innate Abilities, Weirdness & Mutations

[You are very vulnerable to cold. (rC--)]
[You are very vulnerable to heat. (rF--)]


Message History

Unknown command.
Unknown command.
Unknown command.
Unknown command.
You are engulfed in calcifying dust.
Your limbs have turned to stone.
The ice encasing you melts away. The rime drake breathes ice at you.
The flash freeze hits you!
You feel a painful chill!
You are encased in ice.
The catoblepas smashes its foot into the ground.
The catoblepas breathes a plume of calcifying dust at you.
The blast of calcifying dust hits you!
The rime drake bites you but does no damage.
The catoblepas gores you!!
* * * LOW HITPOINT WARNING * * *
You have turned to stone.
The rime drake bites you.
* * * LOW HITPOINT WARNING * * *
The catoblepas gores you!!
You die...

#.# #.# #.# #.# ##############.#
# ...............# .#
.#####..######.# #.## .# #..#
##.##...#### .# #..# #..k@......#
# .#####..#####..##Y..##.#.#
............#..# #.###.#.########
..####..###.#..###.# #...........
..## #....(......<.###.#.#######.
...###...#............(#.........
#......#.#).....######)####.####.
..................(..).# #.# #.
......#.#######.###########.# #.


You could see a catoblepas and a rime drake.

Vanquished Creatures
  Edmund (D:4)
  An ogre (D:4)
  The ghost of kroki the Ruffian, an amateur MiWz of Cheibriados (D:3)
  Crazy Yiuf (D:2)
  2 orc wizards
  Robin (D:4)
  An adder (D:2)
  4 worms (D:2)
  2 dart slugs
  12 orcs
  6 bats
  6 giant cockroaches
  17 goblins
  10 hobgoblins
  4 jackals (D:3)
  2 quokkas (D:3)
  A ball python (D:1)
  9 frilled lizards
  9 kobolds
  7 rats
  2 fungi (D:1)
99 creatures vanquished.

Vanquished Creatures (others)
  A bat (D:3)
  A goblin (D:4)
2 creatures vanquished.

Grand Total: 101 creatures vanquished

Notes
Turn   | Place    | Note
-------+----------+-------------------------------------------
     0 | D:1      | pickqick the Human Fighter began the quest for the Orb.
     0 | D:1      | Reached XP level 1. HP: 18/18 MP: 1/1
   175 | D:1      | Reached XP level 2. HP: 23/24 MP: 2/2
   438 | D:1      | Reached XP level 3. HP: 26/29 MP: 3/3
  1222 | D:2      | Reached XP level 4. HP: 32/35 MP: 4/4
  1482 | D:2      | Found a runed door.
  1654 | D:2      | Noticed Crazy Yiuf
  1661 | D:2      | Killed Crazy Yiuf
  1720 | D:3      | Reached XP level 5. HP: 35/42 MP: 5/5
  2025 | D:3      | Noticed kroki's ghost (amateur MiWz)
  2049 | D:3      | Killed kroki's ghost
  2049 | D:3      | Reached XP level 6. HP: 26/48 MP: 6/6
  2241 | D:3      | Found a faded altar of an unknown god.
  2390 | D:3      | Became a worshipper of Qazlal Stormbringer
  2390 | D:3      | Reached * piety under Qazlal
  2446 | D:3      | Found a shimmering altar of Xom.
  2454 | D:3      | Found a snail-covered altar of Cheibriados.
  2455 | D:3      | Found an iron altar of Okawaru.
  2457 | D:3      | Found a basalt altar of Yredelemnul.
  2615 | D:3      | Fell from the grace of Qazlal
  2615 | D:3      | Became a worshipper of Warmaster Okawaru
  2851 | D:4      | Noticed an ogre
  2856 | D:4      | Noticed a phantom
  2856 | D:4      | Killed an ogre
  3087 | D:4      | Noticed Edmund
  3099 | D:4      | Reached XP level 7. HP: 55/55 MP: 7/7
  3134 | D:4      | Noticed Robin
  3171 | D:4      | Killed Edmund
  3171 | D:4      | Reached skill level 5 in Armour
  3174 | D:4      | Reached skill level 5 in Fighting
  3178 | D:4      | Killed Robin
  3178 | D:4      | Reached * piety under Okawaru
  3323 | D:4      | Noticed a rime drake
  3323 | D:4      | Noticed a catoblepas
  3329 | D:4      | HP: 2/56 [rime drake[the adversity of Qazlal] (2)]
  3329 | D:4      | Mangled by a catoblepas

Vault maps used:
D:1:      evilmike_arrival_plus, minmay_gold_behind_fungi,
          minmay_misc_feat_plants
D:2:      uniq_crazy_yiuf_cottage
D:3:      minitemple, chequers_ecumenical_altar_simple, first_bread
D:4:      uniq_edmund, uniq_robin

Skill      XL: |  1  2  3  4  5  6  7 |
---------------+----------------------+-----
Armour         | 4 5 |  5.3
Fighting       | 4 5 |  5.0
Axes           | 3 |  3.4
Shields        | 4 |  4.3

Action                   |  1- 3 |  4- 6 |  7- 9 || total
-------------------------+-------+-------+-------++-------
Melee: War axe           |   146 |   265 |    88 ||   499
  Use: Potion            |       |       |     2 ||     2
  Eat: Chunk             |     1 |     1 |       ||     2
       Bread ration      |       |     2 |       ||     2
Armor: Chain mail        |    79 |       |       ||    79
       Scale mail        |     3 |       |       ||     3
       Plate armour      |    34 |   229 |    43 ||   306
Dodge: Dodged            |    27 |    75 |    10 ||   112
Block: Shield            |    73 |   255 |    55 ||   383
       Reflection        |       |     3 |     2 ||     5
